 Dungeon Crawl Stone Soup version 0.26.1-11-gd32895ea62 (webtiles) character file.

Game seed: 5804927215266435065

584325 dtburroughs the Slayer (level 26, -28/248 HPs)
             Began as a Minotaur Berserker on July 3, 2021.
             Was a High Priest of Trog.
             Annihilated by a golden dragon (31 damage)
             ... on level 4 of the Realm of Zot on July 6, 2021.
             The game lasted 04:17:33 (88083 turns).

dtburroughs the Slayer (Minotaur Berserker)        Turns: 88083, Time: 04:17:34

Health: -28/248    AC: 30    Str: 39    XL:     26   Next: 3%
Magic:  3/17       EV: 18    Int: 13    God:    Trog [*****.]
Gold:   4106       SH: 29    Dex: 17    Spells: 25/25 levels left

rFire    + + .     SeeInvis .   R - +9 broad axe (vorpal)
rCold    + + .     Faith    .   a - +5 kite shield
rNeg     + + +     Spirit   .   l - +2 gold dragon scales
rPois    +         Reflect  +   (helmet restricted)
rElec    +         Harm     .   N - scarf {rC+ rF+}
rCorr    .         Rampage  +   t - +0 pair of gloves of the Nightingale {Rampage rElec rC- Will+++}
Will     ++++.                  Z - +0 pair of boots "Giga" {Str+4 Dex+4}
Stlth    ..........             n - amulet of Ahiuryng {Reflect +Blink +Fly rN+++ Will- SH+5}
HPRegen  0.51/turn              A - ring "Geuceuppiov" {rC+ Will+ Int+6}
MPRegen  0.15/turn              v - ring "Plog" {*Drain +Fly rElec rPois Str+7}

@: marked, slowed, constricted, very slow
A: retaliatory headbutt, fangs 1, horns 2, blurry vision 1, low mp 2, subdued
magic 2
}: 3/15 runes: decaying, serpentine, silver
a: Renounce Religion, Evoke Blink, Evoke Flight, Berserk, Trog's Hand, Brothers
in Arms


You were on level 4 of the Realm of Zot.
You worshipped Trog.
Trog was extremely pleased with you.
You visited 8 branches of the dungeon, and saw 44 of its levels.
You also visited: Gauntlet and Ice Cave.

You collected 7338 gold pieces.
You spent 3232 gold pieces at shops.

Inventory:

Hand Weapons
 p - the +13 hand axe of Wesof {vorpal, +Fly rF+ Str-2 SInv}
   (Trog gifted it to you on level 5 of the Vaults)

   It inflicts extra damage upon your enemies.
   It affects your strength (-2).
   It protects you from fire.
   It lets you see invisible.
   It lets you fly.
 G - a +6 broad axe of flaming
 O - a +4 antimagic broad axe
 R - a +9 vorpal broad axe (weapon)
Armour
 a - a +5 kite shield (worn)
 l - +2 gold dragon scales (worn)
 t - the +0 pair of gloves of the Nightingale (worn) {Rampage rElec rC- Will+++}
   (You found it on level 9 of the Dungeon)

   It makes you vulnerable to cold.
   It insulates you from electricity.
   It affects your willpower, your defense against some magical effects.
   It bestows one free step when moving towards enemies.
 N - a scarf of resistance (worn)
 Z - the +0 pair of boots "Giga" (worn) {Str+4 Dex+4}
   (You found it on level 4 of the Depths)

   It affects your strength (+4).
   It affects your dexterity (+4).
Jewellery
 n - the amulet of Ahiuryng (around neck) {Reflect +Blink +Fly rN+++ Will- SH+5}
   (You bought it in a shop on level 5 of the Dungeon)

   [amulet of reflection]

   It shields you and reflects attacks.
   It renders you almost immune to negative energy.
   It affects your willpower, your defense against some magical effects.
   It lets you fly.
   It lets you blink.
   It affects your SH (+5).
 v - the ring "Plog" (right hand) {*Drain +Fly rElec rPois Str+7}
   (You found it on level 13 of the Dungeon)

   [ring of flight]

   It affects your strength (+7).
   It insulates you from electricity.
   It protects you from poison.
   It lets you fly.
   It causes draining when unequipped.
 A - the ring "Geuceuppiov" (left hand) {rC+ Will+ Int+6}
   (You acquired it on level 1 of the Lair of Beasts)

   [ring of intelligence]

   It affects your intelligence (+6).
   It protects you from cold.
   It affects your willpower, your defense against some magical effects.
 M - an uncursed ring of see invisible
 X - an uncursed ring of resist corrosion
Wands
 e - a wand of polymorph (3)
 j - a wand of paralysis (17)
 o - a wand of iceblast (23)
 r - a wand of acid (19)
 B - a wand of flame (86)
 D - a wand of enslavement (16)
 L - a wand of digging (24)
 U - a wand of random effects (125)
 W - a wand of disintegration (43)
Scrolls
 g - 5 scrolls of fear
 h - 10 scrolls of identify
 m - 6 scrolls of remove curse
 x - 3 scrolls of fog
 y - 2 scrolls of enchant weapon
 E - 5 scrolls of blinking
 I - a scroll of holy word
 J - 22 scrolls of teleportation
 S - 4 scrolls of magic mapping
 T - 3 scrolls of immolation
 V - 3 scrolls of summoning
Potions
 c - 4 potions of mutation
 d - 6 potions of cancellation
 i - a potion of invisibility
 k - 6 potions of haste
 q - 11 potions of flight
 s - a potion of ambrosia
 u - 9 potions of curing
 z - 8 potions of lignification
 F - 2 potions of resistance
 K - 2 potions of might
Miscellaneous
 b - a box of beasts
 f - a condenser vane
 w - a tin of tremorstones (2/2)
 Q - a lightning rod (4/4)
 Y - a phial of floods


   Skills:
 + Level 22.3 Fighting
 + Level 22.3 Axes
 + Level 22.2 Armour
 + Level 20.8 Dodging
 + Level 22.1 Shields
 + Level 17.2 Evocations


You had 25 spell levels left.
You didn't know any spells.
Your spell library was empty.

Dungeon Overview and Level Annotations

Branches:
Dungeon (15/15)            Temple (0/1) D:7            Lair (5/6) D:8
  Swamp (4/4) Lair:4        Snake (4/4) Lair:4        Slime (0/5) Lair:5
    Orc (2/2) D:10            Elf (0/3) Orc:2        Vaults (5/5) D:14
  Crypt (0/3) Vaults:3     Depths (5/5) D:15            Zot (4/5) Depths:5
  IceCv (visited)         Gauntlet (visited)

Altars:
Ashenzari
Cheibriados
Fedhas
Gozag
Hepliaklqana
Kikubaaqudgha
Makhleb
Okawaru
Ru
Sif Muna
Trog
Uskayaw
Vehumet
Wu Jian
Xom
Zin
The Shining One
Beogh

Shops:
D:5 ?:?*   D:8 (   D:10 ([   D:12 =   D:14 !   Orc:2 *(!(   Vaults:3 =
Vaults:5 :

Portals:
Hell: Depths:1 Depths:2 Depths:3 Depths:4 Depths:5
Abyss: Depths:3 Depths:4
Pandemonium: Depths:3 Depths:5
Ziggurat: Depths:5

Annotations:
D:14 1 runed translucent door
Swamp:3 Roxanne
Zot:2 exclusion: 4 oklob plants


Innate Abilities, Weirdness & Mutations

You reflexively headbutt those who attack you in melee.
You have a pair of horns on your head.
You have very sharp teeth.
Scrolls take you a little longer to read.
Your magical capacity is very low. (-20% MP)
Your spells are easier to cast, but less powerful.


Message History

Your stone giant hits the death cob!!!
The storm dragon breathes lightning at you.
The bolt of lightning hits your stone giant!
The bolt of lightning hits you. You resist.
* * * LOW HITPOINT WARNING * * *
The tentacled monstrosity tentacle-slaps you but does no damage.
You block the tentacled monstrosity's attack.
The tentacled monstrosity tentacle-slaps you.
* * * LOW HITPOINT WARNING * * *
The tentacled monstrosity constricts you.
The tentacled monstrosity tentacle-slaps you.
* * * LOW HITPOINT WARNING * * *
You block the tentacled monstrosity's attack. x2
The moth of wrath goads the storm dragon on!
The storm dragon goes berserk!
The death cob hits you!
* * * LOW HITPOINT WARNING * * *
The death cob drains your vigour!
You feel as though you will be slow longer.
The golden dragon bites you!!
You die...

,,,,,,,,**,***,,,,,#####...#* ##.
*****,,,,,*#*,,,,,,,*# ##...** ##
* *******#.,#####,.# ##...* # **
*****,,**{##...##q****,..## ##
,***,,,,,**,,......d,,*,,,.## ##.
,,,,,,,****,,#d...d#,,*******##.)
,,,,,*****,,##.dy⌠.##,,**,⌠,*#)).
,,,,,,,,,*,,#.yXXzD.#,,*,,,,,#...
,,,,,,,,,,,,#..D@C..#,,+,,>,⌠#...
,,,,,,,,,*,,#.......#,,*,,,,,#...
,,,,,,,,,*,,##.⌠.⌠.##,,**,⌠,*####
,,,,,,,,,**,,#.....#,,******* *#
,,,,,,,,,,*,,.......,,**,,,* **,
,,,,,,,,,,**.##...##.**,,,** **,,
,,,,,,,,,,,#.,#####,.#,,,** **,,,
,,,,,,,,,,,#*,,,,,,,*#,,** **,,,*
,,,,,,,,,,,,**,,,,,**,,** **,,,**


You could see 2 tentacled monstrosities, a golden dragon (berserk), a storm
dragon (berserk, catching breath), 2 draconians, 2 draconians, a death cob, a
purple draconian annihilator, 2 moths of wrath and a friendly stone giant
(summoned, berserk).

Vanquished Creatures
  3 ancient liches
  An orb of fire (Depths:5)
  Mennas (Vaults:5)
  Saint Roka (Depths:2)
  2 caustic shrikes (Depths:2)
  Vashnia (Snake:2)
  Jory (Vaults:5)
  11 golden dragons
  A bone dragon (Depths:5)
  2 electric golems
  11 tentacled monstrosities
  Asterion (D:15)
  6 liches
  3 titans
  5 quicksilver dragons
  9 death cobs
  5 sphinxes
  Kirke (Snake:2)
  6 shadow dragons
  11 storm dragons
  5 draconian monks
  5 tengu reavers
  12 fire giants
  3 fenstrider witches (Swamp:4)
  11 nagarajas
  14 vault wardens
  Donald (Vaults:2)
  5 draconian knights
  7 frost giants
  An iron dragon (Depths:5)
  5 draconian scorchers (Zot:1)
  3 deep elf sorcerers
  2 ghost moths
  3 spriggan defenders
  A caustic shrike zombie (Depths:1)
  A curse skull (Depths:4)
  4 draconian stormcallers
  9 draconian annihilators
  A draconian shifter (Zot:4)
  5 war gargoyles
  14 ironheart preservers
  22 stone giants
  15 very ugly things
  A reaper (Swamp:4)
  2 vampire knights
  11 green draconians
  Nessos (Lair:4)
  12 white draconians
  Azrael (D:13)
  4 deep elf demonologists
  6 black draconians
  6 deep elf annihilators
  5 dire elephants (Depths:3)
  9 yellow draconians
  A dire elephant (shapeshifter) (Vaults:5)
  The ghost of Hairutzoic the Fighter, a journeyman MiBe of Trog (Lair:5)
  An entropy weaver (Vaults:5)
  12 purple draconians
  4 spark wasps (Depths:1)
  5 red draconians
  5 bunyips
  4 deep elf death magi
  7 eleionomae
  A crystal guardian (Vaults:4)
  8 ettins
  8 fire dragons
  7 great orbs of eyes
  23 yaktaur captains
  3 jiangshi (Depths:2)
  3 deep elf high priests
  16 ice dragons
  A shambling mangrove (Swamp:4)
  The ghost of hurricos the Impaler, a journeyman MfGl of Ashenzari (Orc:2)
  18 hydras
  3 rakshasas
  7 boulder beetles
  A ghost crab (Swamp:1)
  34 vault guards
  24 naga warriors
  5 spriggan air magi
  3 anacondas
  A catoblepas (Vaults:3)
  A hell beast (Depths:3)
  14 alligators
  A merfolk aquamancer (Depths:4)
  Erica (D:9)
  2 vampire magi
  17 centaur warriors
  19 ogre magi
  48 two-headed ogres
  11 deep troll earth magi
  13 deep troll shamans
  4 death yaks (Lair:3)
  2 dancing weapons (Vaults:5)
  6 spriggan berserkers
  7 tengu warriors
  An orc high priest (Orc:2)
  6 shock serpents
  10 deep elf knights
  17 naga sharpshooters
  6 soul eaters
  A sun demon (Depths:3)
  Sonja (Lair:3)
  3 iron trolls
  A shadow wraith (Vaults:4)
  13 hell knights
  33 deep trolls
  3 salamander mystics
  2 flayed ghosts
  4 goliath frogs
  4 unseen horrors
  8 deep elf archers
  2 glowing orange brains
  6 spriggan druids
  7 naga ritualists
  2 bog bodies
  A harpy (shapeshifter) (Depths:5)
  9 swamp dragons
  Pikel (D:5)
  5 wizards
  A tengu zombie (Depths:3)
  2 sphinx zombies
  11 orc knights
  5 phantasmal warriors
  7 necromancers
  11 mana vipers
  5 harpies (Vaults:1)
  15 ironbrand convokers
  2 human zombies
  2 orc sorcerers
  4 wolf spiders
  39 ugly things
  6 will-o-the-wisps
  An iron dragon zombie (Depths:1)
  3 manticores
  26 deep elf magi
  8 oklob plants
  2 fire giant zombies
  17 moths of wrath
  9 salamanders
  15 vault sentinels
  Maurice (D:10)
  A faun (shapeshifter) (Vaults:3)
  3 cyclopes
  19 naga magi
  8 guardian serpents
  9 elephants
  29 black mambas
  An eye of devastation (shapeshifter) (Depths:2)
  A rust devil (Depths:3)
  Psyche (D:12)
  2 ice statues
  A gargoyle (D:11)
  An orange demon (Swamp:4)
  2 centaur skeletons
  8 cane toads
  2 kobold demonologists
  Maggie (Lair:1)
  A rime drake (Lair:5)
  A yaktaur (shapeshifter) (Vaults:2)
  2 anaconda simulacra (IceCv)
  8 komodo dragons
  A spriggan zombie (Depths:1)
  64 yaktaurs
  2 rime drakes (shapeshifter)
  4 ice devils (IceCv)
  An efreet (D:14)
  7 freezing wraiths
  A silent spectre (Depths:4)
  5 tengu conjurers
  3 meliai (D:15)
  A bloated husk (Swamp:4)
  2 meliai (shapeshifter)
  A polar bear (Lair:5)
  8 tyrant leeches
  2 wind drakes (shapeshifter)
  Grinder (D:6)
  A tengu simulacrum (Depths:1)
  Prince Ribbit (D:7)
  5 trolls
  9 blink frogs
  28 slime creatures
  A wolf spider simulacrum (IceCv)
  A stone giant simulacrum (Vaults:3)
  15 hornets
  2 redbacks (Vaults:5)
  An iron dragon simulacrum (Depths:3)
  A spriggan skeleton (Depths:1)
  Sigmund (D:4)
  A shadow (D:12)
  A fire dragon skeleton (Depths:1)
  3 ettin skeletons
  A redback (shapeshifter) (D:13)
  10 spriggans
  A tarantella (Vaults:5)
  4 water elementals
  A yak (shapeshifter) (Vaults:3)
  2 dire elephant simulacra (IceCv)
  3 wraiths
  5 wyverns
  29 yaks
  3 hogs (Snake:2)
  2 basilisks
  3 neqoxecs (Swamp:4)
  6 vampire mosquitoes
  4 chaos spawn (Swamp:4)
  A fire elemental (D:13)
  5 harpy simulacra
  9 wargs
  55 nagas
  14 swamp worms
  A soldier ant (D:14)
  Edmund (D:4)
  3 iron troll simulacra (IceCv)
  9 water moccasins
  4 acid dragons
  A soldier ant (shapeshifter) (Vaults:4)
  A hydra simulacrum (IceCv)
  2 black bears
  6 hell hounds (D:13)
  6 ice beasts
  6 sky beasts
  2 swamp drakes
  An ice dragon simulacrum (Depths:1)
  A fire dragon simulacrum (Depths:1)
  32 ogres
  48 orc warriors
  3 phantoms
  5 ettin simulacra
  14 wolves
  21 centaurs
  An eye of draining (D:13)
  10 boggarts
  4 big kobolds
  Blork the orc (D:6)
  17 bullfrogs
  A water moccasin skeleton (D:4)
  3 scorpions
  3 human simulacra
  9 wights
  A tengu skeleton (Depths:1)
  2 electric eels
  9 centaur zombies
  A lava snake (Lair:3)
  2 bullfrog zombies
  6 hounds
  2 draconian simulacra (IceCv)
  An iron imp (D:8)
  14 jellies
  Crazy Yiuf (D:7)
  A gnoll shaman (Orc:1)
  14 orc priests
  4 bullfrog skeletons
  Jessica (D:2)
  14 orc wizards
  7 iguanas
  17 worker ants
  13 hell rats (Lair:5)
  3 troll simulacra (IceCv)
  2 wolf simulacra (IceCv)
  2 hound skeletons
  7 gnolls
  12 adders
  An ogre simulacrum (IceCv)
  4 naga simulacra (IceCv)
  13 white imps
  10 ufetubi
  An adder zombie (D:10)
  2 oozes (Lair:5)
  A worm (D:2)
  3 dart slugs
  11 leopard geckos
  102 orcs
  2 ball pythons
  6 giant cockroaches
  7 goblins
  7 hobgoblins
  6 jackals
  3 quokkas
  4 bats
  5 frilled lizards
  22 kobolds
  A leopard gecko skeleton (D:9)
  A leopard gecko zombie (D:5)
  A quokka skeleton (D:4)
  2 rats (D:2)
  A bush (Zot:2)
1981 creatures vanquished.

Vanquished Creatures (collateral kills)
  A juggernaut (Depths:5)
  3 caustic shrikes (Depths:2)
  An Ice Fiend (IceCv)
  A nagaraja (Snake:4)
  Aizul (Swamp:2)
  A bunyip (Swamp:2)
  Josephine (D:13)
  Snorg (D:13)
  An ice dragon (Depths:2)
  5 naga warriors
  A two-headed ogre (Zot:3)
  3 naga sharpshooters
  A salamander (Snake:1)
  A cyclops (D:14)
  2 black mambas (Snake:2)
  A guardian serpent (Snake:1)
  A naga mage (Snake:4)
  2 ice devils (IceCv)
  2 anaconda simulacra (IceCv)
  5 hornets (Swamp:2)
  A wraith (D:13)
  5 spriggans (Swamp:2)
  A hog (Snake:2)
  A yak (Lair:3)
  A harpy simulacrum (IceCv)
  A swamp worm (Swamp:2)
  9 nagas
  An orc warrior (D:14)
  3 wolves (Lair:3)
  A bullfrog (Lair:3)
  A shadow imp (Depths:2)
  3 kobolds (D:14)
63 creatures vanquished.

Vanquished Creatures (others)
  A blizzard demon (Swamp:4)
  An ogre mage (Swamp:4)
  A naga sharpshooter (Snake:4)
  A deep elf knight (Orc:2)
  A deep elf mage (Vaults:3)
  A salamander (Snake:2)
  A black mamba (Snake:1)
  A yaktaur (Vaults:1)
  A hornet (Swamp:3)
  A spriggan (Swamp:1)
  2 humans
  An ogre (Vaults:5)
  A bush (Zot:2)
  37 foxfires
  30 fungi
  56 plants
137 creatures vanquished.

Grand Total: 2181 creatures vanquished

Notes
Turn   | Place    | Note
-------+----------+-------------------------------------------
     0 | D:1      | dtburroughs the Minotaur Berserker began the quest for the
                  | Orb.
     0 | D:1      | Reached XP level 1. HP: 19/19 MP: 0/0
   251 | D:1      | Reached XP level 2. HP: 19/27 MP: 1/1
  1101 | D:2      | Found a shimmering altar of Xom.
  1130 | D:2      | Reached XP level 3. HP: 23/33 MP: 2/2
  2119 | D:2      | Reached XP level 4. HP: 36/40 MP: 3/3
  2223 | D:2      | Noticed Jessica
  2231 | D:2      | Killed Jessica
  2231 | D:2      | Reached ** piety under Trog
  2232 | D:2      | Reached skill level 1 in Shields
  2995 | D:3      | Found a radiant altar of Vehumet.
  2999 | D:3      | Found a sacrificial altar of Ru.
  3076 | D:3      | Reached XP level 5. HP: 47/47 MP: 4/4
  3093 | D:3      | Found an ancient bone altar of Kikubaaqudgha.
  3107 | D:3      | Found a blossoming altar of Fedhas.
  3394 | D:4      | Found a glowing silver altar of Zin.
  3512 | D:4      | Noticed Edmund
  3547 | D:4      | Killed Edmund
  3548 | D:4      | Reached skill level 5 in Fighting
  3548 | D:4      | Reached skill level 5 in Axes
  3548 | D:4      | Reached XP level 6. HP: 39/56 MP: 5/5
  3710 | D:4      | Noticed Sigmund
  3720 | D:4      | Killed Sigmund
  3744 | D:4      | Reached XP level 7. HP: 61/61 MP: 6/6
  3811 | D:4      | Reached skill level 5 in Armour
  4259 | D:4      | Noticed a +0 dagger
  4259 | D:4      | Noticed a +0 dagger
  4262 | D:4      | Found a hide-covered altar of Uskayaw.
  4321 | D:4      | Found an ornate altar of the Wu Jian Council.
  4615 | D:5      | Entered Level 5 of the Dungeon
  4919 | D:5      | Found Goinuc's General Store.
  5020 | D:5      | Reached skill level 5 in Dodging
  5077 | D:5      | Found Honuz's Magic Scroll Boutique.
  5090 | D:5      | Noticed Pikel
  5105 | D:5      | Killed Pikel
  5106 | D:5      | Reached skill level 5 in Shields
  5106 | D:5      | Reached XP level 8. HP: 62/71 MP: 7/7
  5292 | D:5      | Found Xatroen's Magic Scroll Shoppe.
  5535 | D:5      | Found Cecuomn's Book Boutique.
  5744 | D:6      | Reached XP level 9. HP: 79/79 MP: 8/8
  5747 | D:6      | Found a shimmering altar of Xom.
  5782 | D:6      | Reached *** piety under Trog
  6207 | D:6      | Noticed Grinder
  6225 | D:6      | Killed Grinder
  6579 | D:6      | Found a shimmering blue altar of Sif Muna.
  6859 | D:6      | Noticed Blork the orc
  6872 | D:6      | Killed Blork the orc
  6901 | D:6      | Found a glowing golden altar of the Shining One.
  7037 | D:7      | Found a hazy altar of Hepliaklqana.
  7168 | D:7      | Found a runed translucent door.
  7169 | D:7      | Noticed Crazy Yiuf
  7177 | D:7      | Killed Crazy Yiuf
  7183 | D:7      | Got a warped mace
  7184 | D:7      | Identified the +3 mace "Xaudol" {vorpal, Str+6 Int+3 Dex-2}
                  | (You found it on level 7 of the Dungeon)
  7311 | D:7      | Got an encrusted scimitar
  7312 | D:7      | Identified the +6 scimitar of Dayn {protect, rC++ Int+6
                  | Stlth-} (You found it on level 7 of the Dungeon)
  7371 | D:7      | Found a staircase to the Ecumenical Temple.
  7555 | D:7      | Noticed Prince Ribbit
  7570 | D:7      | Killed Prince Ribbit
  7571 | D:7      | Reached skill level 1 in Evocations
  7571 | D:7      | Reached XP level 10. HP: 87/90 MP: 9/9
  7849 | D:7      | Found a blossoming altar of Fedhas.
  8298 | D:8      | Found a staircase to the Lair.
  8523 | D:8      | Found a snail-covered altar of Cheibriados.
  8581 | D:8      | Found Offupsao's Antique Weapon Emporium.
  9276 | D:9      | Got a pair of dazzling gloves
  9634 | D:9      | Noticed Erica
  9637 | D:9      | Identified the +2 robe of Indomitability {Dex+4}
  9657 | D:9      | Killed Erica
  9668 | D:9      | Reached **** piety under Trog
  9817 | D:9      | Found a bloodstained altar of Trog.
 10010 | D:10     | Entered Level 10 of the Dungeon
 10066 | D:10     | Found Conial's Weapon Emporium.
 10197 | D:10     | Identified the +0 pair of gloves of the Nightingale
                  | {Rampage rElec rC- Will+++} (You found it on level 9 of the
                  | Dungeon)
 10219 | D:10     | Found a staircase to the Orcish Mines.
 10221 | D:10     | Found Vostriz's Armour Emporium.
 10234 | D:10     | Bought a +2 plate armour of poison resistance for 629 gold
                  | pieces
 10371 | D:10     | Noticed a two-headed ogre
 10384 | D:10     | Killed a two-headed ogre
 10385 | D:10     | Reached XP level 11. HP: 26/99 MP: 10/10
 10722 | D:10     | Noticed Maurice
 10748 | D:10     | Killed Maurice
 10991 | Lair:1   | Entered Level 1 of the Lair of Beasts
 11083 | Lair:1   | Noticed Maggie
 11105 | Lair:1   | Killed Maggie
 11286 | Lair:1   | Reached skill level 10 in Fighting
 11482 | Lair:1   | Found a gate leading to a gauntlet.
 11504 | Gauntlet | Entered a Gauntlet
 11504 | Gauntlet | Found a transporter.
 11506 | Gauntlet | Found a runed translucent gate.
 11507 | Gauntlet | Found a transporter.
 11507 | Gauntlet | Found a runed translucent gate.
 11508 | Gauntlet | Found a transporter.
 11509 | Gauntlet | Found a transporter.
 11512 | Gauntlet | Found a transporter.
 11513 | Gauntlet | Found a transporter.
 11520 | Gauntlet | Noticed a thrashing horror
 11521 | Gauntlet | Found a transporter.
 11522 | Gauntlet | Found a transporter.
 11527 | Gauntlet | Noticed a thrashing horror
 11534 | Gauntlet | Noticed a death ooze
 11543 | Gauntlet | Noticed a blizzard demon
 11545 | Gauntlet | Found a transporter.
 11585 | Gauntlet | Found a runed translucent gate.
 11589 | Gauntlet | Noticed a catoblepas
 11660 | Gauntlet | Found a transporter.
 11662 | Gauntlet | Found a transporter.
 11674 | Gauntlet | Found a transporter.
 12100 | Lair:2   | Reached skill level 10 in Axes
 13236 | Lair:3   | Noticed Sonja
 13250 | Lair:3   | Killed Sonja
 13602 | Lair:3   | Reached skill level 10 in Armour
 13679 | Lair:3   | Noticed a boulder beetle
 13693 | Lair:3   | Killed a boulder beetle
 13857 | Lair:3   | Found a snail-covered altar of Cheibriados.
 13928 | Lair:3   | Noticed an eight-headed hydra
 13948 | Lair:3   | Killed an eight-headed hydra
 13956 | Lair:3   | Reached skill level 5 in Evocations
 14481 | Lair:3   | Reached XP level 12. HP: 83/108 MP: 11/11
 14940 | Lair:3   | Noticed a death yak
 14940 | Lair:3   | Noticed a death yak
 14942 | Lair:3   | Noticed a death yak
 14944 | Lair:3   | Noticed a death yak
 14950 | Lair:3   | Killed a death yak
 14951 | Lair:3   | Reached skill level 10 in Shields
 14957 | Lair:3   | Killed a death yak
 14962 | Lair:3   | Killed a death yak
 14969 | Lair:3   | Killed a death yak
 15580 | Lair:4   | Found a staircase to the Snake Pit.
 15591 | Lair:4   | Reached skill level 10 in Dodging
 15954 | Lair:4   | Noticed an eight-headed hydra
 15962 | Lair:4   | Killed an eight-headed hydra
 16355 | Lair:4   | Noticed a six-headed hydra
 16370 | Lair:4   | Killed a six-headed hydra
 16856 | Lair:4   | Found a staircase to the Swamp.
 17169 | Lair:4   | Noticed Nessos
 17185 | Lair:4   | Killed Nessos
 17542 | Lair:5   | Reached XP level 13. HP: 77/117 MP: 12/12
 17935 | Lair:5   | Found a staircase to the Slime Pits.
 17947 | Lair:5   | Reached ***** piety under Trog
 19078 | Lair:5   | Found a runed translucent gate.
 19078 | Lair:5   | Found a runed translucent gate.
 19078 | Lair:5   | Found a runed translucent gate.
 19085 | Lair:5   | Noticed Hairutzoic's ghost (journeyman MiBe)
 21535 | D:12     | Found Ganum's Jewellery Boutique.
 21716 | D:12     | Noticed Psyche
 21726 | D:12     | Killed Psyche
 22749 | D:13     | Noticed Josephine
 22763 | D:13     | Killed Josephine
 22930 | D:13     | Noticed Snorg
 22938 | D:13     | Killed Snorg
 23222 | D:13     | Got a shimmering scale mail
 23346 | D:13     | Noticed a storm dragon
 23381 | D:13     | Killed a storm dragon
 23801 | D:13     | Noticed a tengu reaver
 23825 | D:13     | Killed a tengu reaver
 23826 | D:13     | Reached XP level 14. HP: 83/127 MP: 13/13
 24452 | D:13     | Noticed a sphinx
 24474 | D:13     | Killed a sphinx
 24488 | D:13     | Noticed a fire giant
 24513 | D:13     | Killed a fire giant
 25184 | D:13     | Got a wavering jade ring
 25770 | D:13     | Noticed Azrael
 25794 | D:13     | Killed Azrael
 26217 | D:13     | Noticed a fire giant
 26228 | D:13     | Killed a fire giant
 26460 | D:14     | Received a gift from Trog
 26509 | D:14     | Identified the +3 scale mail "Odorgh Sorru" {+Fly Str+3
                  | Dex+3 Stlth+} (You found it on level 13 of the Dungeon)
 26520 | D:14     | Identified the ring "Plog" {*Drain +Fly rElec rPois Str+7}
                  | (You found it on level 13 of the Dungeon)
 26732 | D:5      | Bought the amulet of Ahiuryng {Reflect +Blink +Fly rN+++
                  | Will- SH+5} for 629 gold pieces
 26996 | D:14     | Found a sacrificial altar of Ru.
 27517 | D:14     | Identified the +5 lajatang of Yredelemnul's Hatred {speed,
                  | *Rage rN+ Str+2 Int+3}
 27954 | D:14     | Found a blossoming altar of Fedhas.
 27961 | D:14     | Found a runed translucent door.
 28204 | D:14     | Found a gate to the Vaults.
 28792 | D:14     | Found Fimis's Distillery.
 28803 | D:14     | Bought a potion of cancellation for 112 gold pieces
 28803 | D:14     | Bought a potion of heal wounds for 70 gold pieces
 28803 | D:14     | Bought a potion of heal wounds for 70 gold pieces
 28803 | D:14     | Bought a potion of curing for 42 gold pieces
 29033 | D:15     | Entered Level 15 of the Dungeon
 29177 | D:15     | Reached XP level 15. HP: 118/137 MP: 14/14
 29633 | D:15     | Found an opulent altar of Gozag.
 29899 | D:15     | Noticed a fire giant
 29907 | D:15     | Killed a fire giant
 29909 | D:15     | Found a staircase to the Depths.
 30608 | Orc:1    | Entered Level 1 of the Orcish Mines
 30836 | Orc:2    | Entered Level 2 of the Orcish Mines
 30837 | Orc:2    | Found a staircase to the Elven Halls.
 30963 | Orc:1    | Found a burning altar of Makhleb.
 31172 | Orc:2    | Found a shimmering altar of Xom.
 31190 | Orc:1    | Found a radiant altar of Vehumet.
 31513 | Orc:2    | Found a runed translucent gate.
 31514 | Orc:2    | Found a runed translucent gate.
 31516 | Orc:2    | Found a runed translucent gate.
 31525 | Orc:2    | Noticed hurricos's ghost (journeyman MfGl)
 31527 | Orc:2    | Found an iron altar of Okawaru.
 31687 | Orc:2    | Found Mimneng's Distillery.
 31709 | Orc:2    | Bought a potion of haste for 160 gold pieces
 31709 | Orc:2    | Bought a potion of curing for 48 gold pieces
 31714 | Orc:2    | Found Qeval's Weapon Shoppe.
 31976 | Orc:2    | Found a roughly hewn altar of Beogh.
 32004 | Orc:2    | Found Qigyammaon's Antique Weapon Shoppe.
 32022 | Orc:2    | Found Kulug's General Store.
 32135 | Orc:2    | Bought a scroll of teleportation for 39 gold pieces
 32135 | Orc:2    | Bought a scroll of summoning for 123 gold pieces
 32263 | Orc:2    | Killed hurricos's ghost
 32680 | Swamp:1  | Entered Level 1 of the Swamp
 35645 | Swamp:2  | Reached XP level 16. HP: 147/147 MP: 15/15
 36293 | Swamp:3  | Received a gift from Trog
 36300 | Swamp:3  | Reached skill level 10 in Evocations
 36389 | Swamp:3  | Identified Roxanne's Handbook of Stones
 36389 | Swamp:3  | Noticed Roxanne
 36635 | Swamp:3  | Noticed Aizul
 36656 | Swamp:2  | Killed Aizul
 37819 | Swamp:4  | Entered Level 4 of the Swamp
 37837 | Swamp:4  | Reached skill level 15 in Fighting
 38294 | Swamp:4  | Reached skill level 15 in Axes
 38703 | Swamp:4  | Gained mutation: Your magical capacity is low. (-10% MP) [a
                  | neqoxec]
 38704 | Swamp:4  | Gained mutation: Your magical capacity is very low. (-20%
                  | MP) [a neqoxec]
 38720 | Swamp:4  | Gained mutation: Your spells are a little easier to cast,
                  | but a little less powerful. [a neqoxec]
 39275 | Swamp:4  | Reached skill level 15 in Armour
 39665 | Swamp:4  | Gained mutation: You are frail. (-10% HP) [a neqoxec]
 39667 | Swamp:4  | Gained mutation: You are clumsy. (Dex -2) [a neqoxec]
 39668 | Swamp:4  | Gained mutation: You expend magic power (3 MP) to
                  | strengthen your wands. [a neqoxec]
 39693 | Swamp:4  | Reached ****** piety under Trog
 39809 | Swamp:4  | Received a gift from Trog
 39812 | Swamp:4  | Got a brightly glowing battleaxe {god gift}
 40213 | Swamp:4  | Got a decaying rune of Zot
 40452 | Lair:1   | Identified the +7 battleaxe of the Spider {vorpal, rC+
                  | Dex+4 Stlth+} (Trog gifted it to you on level 4 of the
                  | Swamp)
 40864 | Snake:1  | Entered Level 1 of the Snake Pit
 40883 | Snake:1  | Reached XP level 17. HP: 95/140 MP: 12/12
 41065 | Snake:1  | Reached skill level 15 in Shields
 41115 | Snake:1  | Found a runed translucent door.
 41387 | Snake:1  | Got a bone great mace
 42712 | Snake:2  | Found a frozen archway.
 42732 | IceCv    | Entered an ice cave
 43282 | IceCv    | Received a gift from Trog
 43915 | IceCv    | Noticed an Ice Fiend
 43942 | IceCv    | Killed an Ice Fiend
 44501 | IceCv    | Got a pair of pitted gloves
 44506 | IceCv    | Identified the cursed +0 pair of gloves of Dramatic Exits
                  | {Rampage rPois Will-} (You found it in an ice cave)
 44647 | Snake:2  | Noticed Vashnia
 44667 | Snake:2  | Noticed Kirke
 45009 | Snake:2  | Killed Vashnia
 45278 | Snake:2  | Killed Kirke
 45931 | Snake:2  | Received a gift from Trog
 45939 | Snake:2  | Got a dazzling war axe {god gift}
 45940 | Snake:2  | Identified the +5 war axe "Ytede" {vorpal, rN+} (Trog
                  | gifted it to you on level 2 of the Snake Pit)
 47568 | Snake:4  | Entered Level 4 of the Snake Pit
 48606 | Snake:4  | Reached XP level 18. HP: 151/151 MP: 13/13
 48632 | Snake:4  | Reached skill level 15 in Dodging
 51272 | Snake:4  | Received a gift from Trog
 52304 | Snake:4  | Got a serpentine rune of Zot
 52505 | Lair:1   | Identified the +9 great mace "Qailer" {vamp, rPois Str+6
                  | Int-5} (You found it on level 1 of the Snake Pit)
 52589 | D:5      | Bought a potion of heal wounds for 50 gold pieces
 52765 | Lair:5   | Killed Hairutzoic's ghost
 53167 | Lair:5   | Got a scorched war axe
 53186 | Lair:5   | Identified the +8 war axe "Astraetuz" {speed, rElec} (You
                  | found it on level 5 of the Lair of Beasts)
 53544 | D:5      | Bought a scroll of teleportation for 30 gold pieces
 53544 | D:5      | Bought a scroll of fog for 20 gold pieces
 53544 | D:5      | Bought a scroll of blinking for 75 gold pieces
 53544 | D:5      | Bought a scroll of blinking for 75 gold pieces
 53574 | D:5      | Bought a scroll of teleportation for 39 gold pieces
 53574 | D:5      | Bought a scroll of teleportation for 39 gold pieces
 53574 | D:5      | Bought a scroll of blinking for 97 gold pieces
 53698 | Orc:2    | Bought a scroll of brand weapon for 260 gold pieces
 53941 | Vaults:1 | Entered Level 1 of the Vaults
 53950 | Vaults:1 | Received a gift from Trog
 54767 | Vaults:1 | Reached XP level 19. HP: 150/159 MP: 14/14
 56440 | Vaults:2 | Received a gift from Trog
 57744 | Vaults:2 | Noticed Donald
 57754 | Vaults:2 | Killed Donald
 58092 | Vaults:2 | Received a gift from Trog
 58867 | Vaults:3 | Found Vatwow's Jewellery Boutique.
 58872 | Vaults:3 | Bought an uncursed ring of see invisible for 225 gold
                  | pieces
 59251 | Vaults:3 | Identified the +7 mace of War {antimagic, rElec rPois
                  | Stlth+}
 60319 | Vaults:3 | Received a gift from Trog
 60492 | Vaults:3 | Reached XP level 20. HP: 145/168 MP: 15/15
 61443 | Vaults:3 | Received a gift from Trog
 61724 | Vaults:3 | Found a staircase to the Crypt.
 61916 | Vaults:3 | Found the +2 cloak of the Thief {*Fog Slay-2 SInv Stlth+}
 62949 | Vaults:4 | Received a gift from Trog
 64150 | Lair:1   | Identified a scroll of acquirement
 64152 | Lair:1   | Acquired the ring "Geuceuppiov" {rC+ Will+ Int+6}
 64333 | Depths:1 | Entered Level 1 of the Depths
 64707 | Depths:1 | Noticed Asterion
 64723 | Depths:1 | Reached XP level 21. HP: 155/175 MP: 15/15
 64744 | Depths:1 | Received a gift from Trog
 65031 | D:15     | Killed Asterion
 65658 | Depths:1 | Found a broken altar of Ashenzari.
 65893 | Depths:1 | Found a gateway to Hell.
 67141 | Depths:2 | Noticed a caustic shrike
 67157 | Depths:2 | Identified the cursed +0 short sword of Hard Scrabble
                  | {holy, rN+++ Will++ MP-9}
 67454 | Depths:2 | Killed a caustic shrike
 67830 | Depths:2 | Received a gift from Trog
 68176 | Depths:2 | Identified the Tome of Harmful Moulding
 68484 | Depths:2 | Noticed Saint Roka
 68496 | Depths:2 | Killed Saint Roka
 68792 | Depths:2 | You fall into a shaft and drop 2 floors!
 68986 | Depths:4 | Received a gift from Trog
 69181 | Depths:3 | Found a one-way gate to the infinite horrors of the Abyss.
 69400 | Depths:3 | Reached XP level 22. HP: 185/185 MP: 16/16
 69487 | Depths:2 | Noticed a caustic shrike
 69493 | Depths:2 | Killed a caustic shrike
 69506 | Depths:2 | Noticed a caustic shrike
 69509 | Depths:2 | Killed a caustic shrike
 69571 | Depths:2 | Noticed a caustic shrike
 69578 | Depths:2 | Killed a caustic shrike
 69838 | Depths:2 | Found a shimmering blue altar of Sif Muna.
 69998 | Depths:2 | Noticed a caustic shrike
 70019 | Depths:2 | Killed a caustic shrike
 70795 | Depths:3 | Found a one-way gate leading to the halls of Pandemonium.
 71927 | Depths:4 | Received a gift from Trog
 72264 | Depths:4 | Noticed a golden dragon
 72272 | Depths:4 | Killed a golden dragon
 72273 | Depths:4 | Reached skill level 15 in Evocations
 72675 | Depths:4 | Found a runed door.
 72766 | Depths:4 | Received a gift from Trog
 73250 | Depths:4 | Noticed an ancient lich
 73251 | Depths:4 | Noticed an ancient lich
 73260 | Depths:4 | Killed an ancient lich
 73264 | Depths:4 | Killed an ancient lich
 73283 | Depths:4 | Got a shimmering diamond amulet
 73287 | Depths:4 | Identified the amulet of Neevadeo {Spirit rN+} (You found
                  | it on level 4 of the Depths)
 73290 | Depths:4 | Identified the cursed +0 pair of boots "Giga" {Str+4 Dex+4}
                  | (You found it on level 4 of the Depths)
 73329 | Depths:4 | Got a shimmering golden amulet
 73336 | Depths:4 | Identified the amulet "Poerokug" {Reflect +Fly rC+ Int+3
                  | SH+5} (You found it on level 4 of the Depths)
 73576 | Depths:4 | Reached XP level 23. HP: 191/193 MP: 17/17
 73987 | Depths:5 | Entered Level 5 of the Depths
 74486 | Depths:5 | Noticed a juggernaut
 74494 | Depths:5 | Killed a juggernaut
 74919 | Depths:5 | Found a gate to the Realm of Zot.
 75866 | Depths:5 | Found a gateway to a ziggurat.
 76012 | Depths:5 | Received a gift from Trog
 77760 | Vaults:5 | Entered Level 5 of the Vaults
 78076 | D:5      | Bought a condenser vane for 400 gold pieces
 78436 | Vaults:5 | Received a gift from Trog
 78923 | Vaults:5 | Reached XP level 24. HP: 188/203 MP: 17/17
 79141 | Vaults:5 | Noticed Mennas
 79250 | Vaults:5 | Killed Mennas
 79838 | Vaults:5 | Noticed Jory
 79844 | Vaults:5 | Killed Jory
 79844 | Vaults:5 | Received a gift from Trog
 80128 | Vaults:5 | Identified the +10 great sword "Demonslayer" {vorpal,
                  | *Noise rF+ Str+4 SInv}
 80167 | Vaults:5 | Identified the +1 robe of Card Tricks {rPois Str+4 Int-2
                  | Dex+2}
 80408 | Vaults:5 | Identified the +4 morningstar of Tartarus {freeze, *Rage
                  | Str+6 Int+2 Dex+3}
 80408 | Vaults:5 | Identified the ring "Sodwogh" {rPois AC+4 Str+3 Int+2
                  | Stlth+}
 80461 | Vaults:5 | Got an ichor-stained kite shield
 80462 | Vaults:5 | Identified the +0 kite shield of Immorality {*Drain rN+
                  | Int+2 Dex+5} (You found it on level 5 of the Vaults)
 80766 | Vaults:5 | Got a silver rune of Zot
 80972 | Vaults:5 | Noticed an ancient lich
 80981 | Vaults:5 | Killed an ancient lich
 81086 | Vaults:5 | Identified the ring "Lulefeu" {+Fly rElec rPois Dex+5}
 81102 | Vaults:5 | Received a gift from Trog
 81111 | Vaults:5 | Identified the +13 hand axe of Wesof {vorpal, +Fly rF+
                  | Str-2 SInv} (Trog gifted it to you on level 5 of the
                  | Vaults)
 81211 | Vaults:5 | Found Huexkom's Book Shoppe.
 82148 | Zot:1    | Entered Level 1 of the Realm of Zot
 82831 | Depths:5 | Reached XP level 25. HP: 57/212 MP: 17/17
 83993 | Zot:1    | Noticed an orb of fire
 83999 | Zot:1    | Gained mutation: Your spells are easier to cast, but less
                  | powerful. [an orb of fire]
 84197 | Depths:5 | Gained mutation: Scrolls take you a little longer to read.
                  | [an orb of fire]
 84200 | Depths:5 | Killed an orb of fire
 84417 | Depths:5 | Lost mutation: You expend magic power (3 MP) to strengthen
                  | your wands. [potion of mutation]
 84417 | Depths:5 | Lost mutation: You are clumsy. (Dex -2) [potion of
                  | mutation]
 84417 | Depths:5 | Lost mutation: You are frail. (-10% HP) [potion of
                  | mutation]
 84417 | Depths:5 | Gained mutation: You have very sharp teeth. [potion of
                  | mutation]
 85213 | Zot:2    | Received a gift from Trog
 86170 | Zot:2    | You fall into a shaft and drop 2 floors!
 87529 | Zot:2    | Received a gift from Trog
 87980 | Zot:3    | You fall into a shaft and drop 1 floor!
 88068 | Zot:4    | Reached XP level 26. HP: 74/248 MP: 0/17
 88083 | Zot:4    | HP: 11/248 [tentacled monstrosity (2)]
 88083 | Zot:4    | HP: 3/248 [death cob (8)]
 88083 | Zot:4    | Annihilated by a golden dragon

Illustrated notes

Levels and vault maps discovered:
D:1:      minmay_arrival_widening_spiral_wide, layout_loops_corners
D:2:      layout_loops_corners, lemuel_crystal_altar, minmay_3d_cube,
          uniq_jessica
D:3:      layout_loops_ring, grunt_temple_overflow_growth_and_decay,
          grunt_temple_overflow_open
D:4:      layout_cave_pods, nicolae_overflow_crystal_walls,
          kennysheep_mini_moat, dancing_weapons_uskayaw, uniq_edmund,
          uniq_sigmund
D:5:      layout_rooms, serial_shops, nicolae_shop_stone,
          nicolae_shop_window_shopping, shop, shop, uniq_pikel
D:6:      layout_loops_ring, kennysheep_mini, lemuel_round_altar,
          xom_teletrap_fun, uniq_grinder, uniq_blork_the_orc
D:7:      layout_gridville, lemuel_crystal_altar, minmay_temple_entry_statues,
          minivault_14, fedhas_ov_isle_minmay, uniq_crazy_yiuf_cottage,
          uniq_prince_ribbit1
D:8:      layout_cave_pools, slow_altar_1, lair_entry_dummy, serial_shops,
          nicolae_shop_overgrown_old_shop
D:9:      layout_basic, bloody_trog, special_room [special_room_orc], uniq_erica
D:10:     layout_big_octagon, orc_david_3, uniq_maurice
D:11:     layout_cave_pods
D:12:     layout_roguey, serial_shops, shop, uniq_psyche
D:13:     minmay_box_of_curves, layout_basic, drop_trap, lemuel_flamethrower_3,
          uniq_azrael, uniq_snorg, uniq_josephine
D:14:     minmay_the_grid_triangle_9x9_recursive_3_mashed
          [minmay_the_grid_triangle_9x9_zippers_horizontal,
          minmay_the_grid_triangle_9x9_limited_checkers,
          minmay_the_grid_triangle_9x9_corruption,
          minmay_the_grid_triangle_9x9_prize_schism,
          minmay_the_grid_triangle_9x9_subtriangle,
          minmay_the_grid_triangle_9x9_shrine,
          minmay_the_grid_triangle_9x9_sparse_checkered,
          minmay_the_grid_triangle_9x9_odd_lines,
          minmay_the_grid_triangle_9x9_empty], layout_stronghold,
          lightli_vaults_fourway_checkpoint, nicolae_ru_sacrificial_ziggurat,
          serial_shops, nicolae_shop_window_shopping,
          chequers_serial_rivers_marsh, corner_web_ring
D:15:     grunt_enter_depths_giant_problem, layout_irregular_city,
          kennysheep_pointless_box, nicolae_gozag_seed_capital
Lair:1:   layout_hall_layers, gauntlet_entry_generic, uniq_maggie
Lair:2:   layout_misc_corridors, lemuel_fruit_tree, grunt_megastairs_4,
          serial_bayou_shore_a, lemuel_fruit_fields
Lair:3:   layout_gridlike, basic_altar, minmay_holes, uniq_sonja
Lair:4:   layout_regular_city, swamp_mist_pool, guppyfry_snake_entry_garden,
          uniq_nessos
Lair:5:   layout_cave_pods, minmay_slime_entry_jelly_boxes,
          gammafunk_ghost_hydra_chop, infiniplex_staircase_pool_2
Swamp:1:  layout_basic_swamp, nicolae_swamp_little_tower
Swamp:2:  layout_falls_marsh, evilmike_swamp_ruin_house_3
Swamp:3:  layout_basic_swamp, nicolae_swamp_trees_clearing, uniq_roxanne,
          uniq_aizul
Swamp:4:  nzn_swamp_witches_coven, layout_basic_swamp
Snake:1:  layout_misc_corridors, lightli_airlock
Snake:2:  layout_cave_shapes, portal_ice_cave_entry_ice_statue_one,
          nicolae_coiled_stairwell_up, uniq_kirke, uniq_vashnia
Snake:3:  layout_cave_town
Snake:4:  grunt_snake_rune_spirals, layout_onion, special_room
Orc:1:    layout_caves, basic_altar, bloody_makhleb
Orc:2:    st_orc_town, layout_caves, basic_altar,
          gammafunk_ghost_fury_of_okawaru, nicolae_orc_sculptors_studio,
          rock_pile
Vaults:1: vaults_room_fours, nicolae_vaults_windows_and_doors_thing,
          hangedman_vaults_capsules, v_misc_24, nicolae_vaults_asterisk,
          vaults_dpeg_diagonal, nicolae_vaults_gold_heap,
          layout_vaults_chaotic_city
Vaults:2: nicolae_vaults_asterisk, hangedman_vaults_trim, v_misc_3,
          nicolae_vaults_what_the_h, hangedman_vaults_stream,
          grunt_vaults_hallway_long, nicolae_vaults_alarming,
          grunt_vaults_diagonal, nicolae_vaults_mini_display_case, v_misc_24,
          ontoclasm_vaults_ring_small, ontoclasm_vaults_decontamination,
          layout_vaults_omnicross, uniq_donald, uniq_margery
Vaults:3: st_greater_box_2, nicolae_vaults_little_squares_2, v_misc_28,
          nicolae_vaults_triangles, vaults_room_pool, hangedman_vaults_trim,
          layout_vaults_quadrants, dummy_crypt_entry, serial_shops, shop
Vaults:4: hangedman_vaults_impose, v_misc_2, v_misc_11, hangedman_vaults_corner,
          dpeg_vaults_monster_box, nicolae_vaults_twisting_passages,
          nicolae_vaults_hallways_thing, nicolae_vaults_stairing_the_circle,
          vaults_room_pools, ontoclasm_vaults_ring_small, vaults_room_grid,
          v_misc_25, layout_vaults_maze
Vaults:5: uniq_mennas, uniq_jory
Depths:1: layout_gridlike, pf_coc_iceberg, hangedman_decor_clover_reticule,
          eino_tiny_chamber, roderic_lattice_a, nrook_mini_vaults,
          minmay_misc_feat_four_crosses, ashenzari_altar_1, uniq_asterion
Depths:2: hangedman_cross_cluster, layout_basic, minmay_misc_feat_roman,
          hangedman_tar_grid_catacomb, argonaut_fire_from_heaven,
          uniq_saint_roka
Depths:3: kennysheep_ogre_elephant_herders, layout_basic, pan_entry,
          abyss_entry, grunt_mini_vestibule, small_statue_intersection,
          grunt_ministairs_4, serial_bayou_pond_d, minivault_21,
          infiniplex_staircase_x
Depths:4: evilmike_wizard_prison, layout_honeycomb, hangedman_decor_riveting,
          hell_entry, abyss_entry
Depths:5: grunt_twist_and_shout, layout_gridville, enter_ziggurat_c,
          chequers_hall_statues_y, pan_entry, pf_hell_entry_great_geh,
          minmay_misc_feat_doors, water_maze_lemuel
Zot:1:    layout_misc_corridors
Zot:2:    grunt_zot_stairs_overgrown, layout_onion_interference,
          grunt_ministairs_7
Zot:3:    lemuel_halls_of_wrath, layout_gridville, grunt_megastairs_5
Zot:4:    layout_onion, grunt_megastairs_2

Skill      XL: |  1  2  3  4  5  6  7  8  9 10 11 12 13 14 15 16 17 18 19 20 21 22 23 24 25 |
---------------+----------------------------------------------------------------------------+-----
Fighting       | 4 5 6 7 8 9 10 11 12 13 14 15 16 17 18 19 20 21 22 | 22.3
Axes           | 4 5 6 7 8 9 10 11 12 13 14 15 16 17 18 19 20 21 22 | 22.3
Armour         | 3 4 6 8 9 10 11 12 13 14 15 16 17 18 19 20 21 22 | 22.2
Dodging        | 3 4 5 6 7 8 9 10 11 12 13 14 15 16 17 18 19 20 | 20.8
Shields        | 1 2 3 5 7 8 9 11 12 13 14 15 16 17 18 19 20 21 22 | 22.1
Evocations     | 1 3 5 6 7 8 9 10 11 12 13 14 15 16 17 | 17.2

Action                   |  1- 3 |  4- 6 |  7- 9 | 10-12 | 13-15 | 16-18 | 19-21 | 22-24 | 25-27 || total
-------------------------+-------+-------+-------+-------+-------+-------+-------+-------+-------++-------
Melee: Hand axe          |    83 |   105 |   348 |       |       |       |       |   174 |   104 ||   814
       Headbutt          |    11 |    23 |    68 |    98 |   275 |   352 |   409 |   398 |   179 ||  1813
       Mace              |       |       |    15 |    41 |    68 |    26 |       |       |       ||   150
       Scimitar          |       |       |    14 |       |       |       |       |       |       ||    14
       War axe           |       |       |       |   268 |       |       |       |       |       ||   268
       Broad axe         |       |       |       |   257 |  1046 |   625 |  1340 |  1011 |   378 ||  4657
       Battleaxe         |       |       |       |       |       |   599 |       |       |       ||   599
       Great mace        |       |       |       |       |       |    12 |       |       |       ||    12
       Bite              |       |       |       |       |       |       |       |       |    87 ||    87
Invok: Trog's Hand       |       |     2 |     6 |     9 |    11 |     8 |     3 |     2 |       ||    41
       Berserk           |       |       |     1 |     1 |     2 |     1 |       |     1 |       ||     6
       Brothers in Arms  |       |       |       |     1 |     5 |    11 |     2 |     8 |     3 ||    30
Evoke: Wand              |       |       |       |     8 |    12 |    13 |    17 |    21 |       ||    71
       Box of beasts     |       |       |       |       |       |       |       |     2 |       ||     2
       Phial of floods   |       |       |       |       |       |       |       |     1 |       ||     1
       Condenser vane    |       |       |       |       |       |       |       |     1 |       ||     1
  Use: Scroll            |       |       |     6 |     4 |    23 |    19 |     9 |    17 |     6 ||    84
       Potion            |       |       |       |     1 |     7 |     5 |     2 |    10 |     8 ||    33
 Stab: Distracted        |       |       |       |       |       |     2 |     2 |     3 |       ||     7
       Paralysed         |       |       |       |       |       |       |     9 |       |       ||     9
       Petrified         |       |       |       |       |       |       |     3 |       |       ||     3
       Petrifying        |       |       |       |       |       |       |     2 |       |       ||     2
Armor: Animal skin       |    20 |     1 |       |       |       |       |       |       |       ||    21
       Chain mail        |       |    11 |       |       |       |       |       |       |       ||    11
       Scale mail        |       |    19 |   148 |    66 |       |       |       |       |       ||   233
       Plate armour      |       |       |       |   288 |   564 |   540 |   244 |    53 |       ||  1689
       Gold dragon scale |       |       |       |       |       |       |       |   239 |   138 ||   377
Dodge: Dodged            |    58 |    50 |   153 |   432 |   562 |   680 |   325 |   408 |   219 ||  2887
Block: Buckler           |     5 |    17 |    65 |   201 |   180 |       |       |       |       ||   468
       Kite shield       |       |       |       |       |   757 |   719 |  1200 |  1264 |   608 ||  4548
       Reflection        |       |       |       |       |    83 |   126 |   123 |    82 |    19 ||   433
       Other             |       |       |       |       |       |   142 |       |       |       ||   142
       Rpst.: Scimitar   |       |       |     3 |       |       |       |       |       |       ||     3
